 Dungeon Crawl Stone Soup version 0.30-a0-739-gea05faddec (webtiles) character file.

Game seed: 16737684289455689362

60402 Conn the Eclecticist (level 14, -23/56 HPs)
             Began as a Deep Elf Fire Elementalist on Feb 4, 2023.
             Was a High Priest of Sif Muna.
             Annihilated by a minotaur
             ... wielding a +2 mace of holy wrath
              (27 damage)
             ... while paralysed
             ... in a Gauntlet on Feb 5, 2023.
             The game lasted 01:28:22 (22189 turns).

Conn the Eclecticist (Deep Elf Fire Elementalist)  Turns: 22189, Time: 01:28:23

Health: -23/56     AC:  7    Str:  0 (1)  XL:     14   Next: 56%
Magic:  35/35      EV:  2    Int: 29      God:    Sif Muna [*****.]
Gold:   2081       SH:  0    Dex: 10 (11) Spells: 2/44 levels left

rFire   + + .      SeeInvis .    r - staff of fire
rCold   . . .      Faith    .    e - +2 buckler
rNeg    + . .      Spirit   .    L - +2 robe of the Ego {Drain rPois rF++ Int+3}
rPois   +          Reflect  +    V - +2 hat
rElec   .          Harm     .    W - scarf {repulsion}
rCorr   .          Rampage  .    N - +0 pair of gloves
Will    ++...      Rage     9%   (no boots)
Stlth   ++         NoTele   +    q - amulet of reflection
HPRegen 0.00/turn                K - ring of Akla {rN+ Int+4}
MPRegen 0.24/turn                l - ring of fire

@: paralysed, inhibited regen, slowed, lost strength, studying Conjurations,
repel missiles
A: cold resistance 1, strong-willed 1, poison resistance, [berserk 2], [clumsy
2], [deterioration 2], [dopey 2], [frail 2], [screaming 2], [weak 2], [no potion
heal 2], [heat vulnerability 2]
a: Renounce Religion, Channel Magic, Forget Spell, Divine Exegesis


You were in a Gauntlet.
You worshipped Sif Muna.
Sif Muna was extremely pleased with you.
You visited 3 branches of the dungeon, and saw 18 of its levels.
You also visited: Gauntlet and Ice Cave.

You collected 2351 gold pieces.
You spent 270 gold pieces at shops.

Inventory:

Hand Weapons
 a - the +9 spear of the Hierophant {drain, *Noise rElec Str+3}
   (You found it on level 2 of the Lair of Beasts)

   Str:       It affects your strength (+3).
   rElec:     It insulates you from electricity.
   *Noise:    It may make noises in combat.
 R - the +6 rapier "Mocisiyss" {heavy, Str+3}
   (You found it on level 11 of the Dungeon)

   Str:       It affects your strength (+3).
Missiles
 p - 2 throwing nets
 P - 2 curare-tipped darts
Armour
 e - a +2 buckler (worn)
 u - a +1 helmet
 v - a +2 cloak
 y - a +2 leather armour of resistance
 G - the +3 robe "Hocycw" {rC+}
   (You took it off a wight on level 7 of the Dungeon)

   rC:        It protects you from cold.
 L - the +2 robe of the Ego (worn) {Drain rPois rF++ Int+3}
   (You found it on level 9 of the Dungeon)

   Int:       It affects your intelligence (+3).
   rF:        It greatly protects you from fire.
   rPois:     It protects you from poison.
   Drain:     It drains your maximum health when unequipped.
 N - a +0 pair of gloves (worn)
 O - a +2 crystal plate armour of cold resistance
 V - a +2 hat (worn)
 W - a scarf of repulsion (worn)
 X - a +1 cloak of preservation
Magical Staves
 r - a staff of fire (weapon)
 Q - a staff of conjuration
Jewellery
 j - a +4 ring of protection
 l - a ring of fire (right hand)
 q - an amulet of reflection (around neck)
 s - a +4 ring of protection
 C - an amulet of faith
 E - a ring of willpower
 J - a ring of positive energy
 K - the ring of Akla (left hand) {rN+ Int+4}
   (You found it in a Gauntlet)

   [ring of positive energy]

   Int:       It affects your intelligence (+4).
   rN:        It protects you from negative energy.
 M - a ring of protection from cold
 U - a +6 ring of strength
Wands
 d - a wand of mindburst (17)
 f - a wand of polymorph (8)
 g - a wand of quicksilver (8)
 x - a wand of charming (18)
 I - a wand of iceblast (8)
 S - a wand of flame (29)
Scrolls
 h - 4 scrolls of immolation
 k - 9 scrolls of amnesia
 n - a scroll of fear
 t - 8 scrolls of teleportation
 z - 4 scrolls of poison
 B - 4 scrolls of fog
 D - a scroll of blinking
 T - 3 scrolls of enchant weapon
Potions
 b - 3 potions of magic
 c - a potion of brilliance
 i - 2 potions of mutation
 m - a potion of flight
 o - 2 potions of haste
 w - 6 potions of curing
 A - a potion of cancellation
 F - a potion of might
 H - 2 potions of berserk rage
 Y - a potion of resistance {unknown}
 Z - a potion of lignification


   Skills:
 + Level 1.6 Fighting
 + Level 1.1 Short Blades
 + Level 0.3 Staves
 + Level 4.9 Dodging
 + Level 4.3 Stealth
 * Level 3.7 Shields
 + Level 15.9 Spellcasting
 * Level 13.1 Conjurations
 + Level 1.2 Hexes
 + Level 8.4 Summonings
 + Level 7.2 Translocations
 + Level 12.8 Fire Magic
 + Level 4.9 Ice Magic
 + Level 6.8 Air Magic
 + Level 0.1 Earth Magic
 + Level 9.3 Invocations


You had 2 spell levels left.
You knew the following spells:

 Your Spells              Type           Power      Damage    Failure   Level
a - Foxfire               Conj/Fire      100%       2x1d9     0%          1
b - Stone Arrow           Conj/Erth      100%       3d13      1%          3
c - Inner Flame           Hex/Fire       97%        N/A       1%          3
d - Flame Wave            Conj/Fire      100%       2d21      1%          4
e - Scorch                Fire           100%       2d10      1%          2
f - Summon Guardian Gole  Hex/Summ       50%        N/A       1%          3
g - Ozocubu's Armour      Ice            51%        N/A       1%          3
h - Summon Ice Beast      Ice/Summ       58%        N/A       1%          4
i - Blink                 Tloc           100%       N/A       1%          2
j - Lightning Bolt        Conj/Air       34%        1d52      1%          5
k - Fireball              Conj/Fire      61%        3d23      1%          5
l - Orb of Destruction    Conj           39%        9d11      10%         7

Your spell library contained the following spells:

 Spells                   Type           Power      Damage    Failure   Level
 Magic Dart               Conj           100%       1d8       0%          1
 Lesser Beckoning         Tloc           100%       N/A       1%          2
 Momentum Strike          Conj/Tloc      100%       3d10      1%          2
 Searing Ray              Conj           100%       2d8       1%          2
 Static Discharge         Conj/Air       100%       2-7/arc   1%          2
 Beastly Appendage        Tmut           46%        N/A       2%          1
 Necrotise                Necr           92%        1d8       2%          1
 Sandblast                Erth           48%        2d12      2%          1
 Passwall                 Tmut/Erth      19%        N/A       4%          2
 Wereblood                Tmut           23%        N/A       4%          2
 Hailstorm                Conj/Ice       66%        3d14      1%          3
 Kindle Blastsparks       Fire/Tloc/Air  100%       2d18      1%          3
 Portal Projectile        Hex/Tloc       94%        N/A       1%          3
 Vhi's Electric Charge    Tloc/Air       100%       N/A       1%          3
 Airstrike                Air            29%        2d(5-21)  1%          4
 Fulminant Prism          Conj/Hex       29%        3d14      1%          4
 Passage of Golubria      Tloc           60%        N/A       1%          4
 Sticky Flame             Conj/Fire      100%       2d11      1%          4
 Summon Lightning Spire   Summ/Air       61%        N/A       1%          4
 Arcjolt                  Conj/Air       34%        1d44      1%          5
 Iskenderun's Battlesphe  Conj           79%        2d13      1%          5
 Tukima's Dance           Hex            30%        N/A       4%          3
 Spider Form              Tmut/Pois      23%        N/A       9%          3
 Vampiric Draining        Necr           23%        2d7       9%          3
 Ice Form                 Ice/Tmut       37%        N/A       10%         4
 Summon Mana Viper        Hex/Summ       50%        N/A       11%         5
 Silence                  Hex/Air        23%        N/A       14%         5
 Metabolic Englaciation   Hex/Ice        20%        N/A       22%         5
 Spellforged Servitor     Conj/Summ      36%        N/A       26%         7
 Monstrous Menagerie      Summ           32%        N/A       56%         7
 Agony                    Necr           23%        N/A       58%         5
 Blade Hands              Tmut           11%        N/A       58%         5
 Borgnjor's Vile Clutch   Necr/Erth      11%        N/A       58%         5
 Ignition                 Fire           60%        3d16      67%         8
 Simulacrum               Ice/Necr       18%        N/A       83%         6
 Lehudib's Crystal Spear  Conj/Erth      29%        10d8      100%        8
 Maxwell's Capacitive Co  Air            29%        ∞         100%        8


Dungeon Overview and Level Annotations

Branches:
Dungeon (11/15)            Temple (0/1) D:5            Lair (5/5) D:8
  Swamp (0/4) Lair:3        Snake (0/4) Lair:3        Slime (0/5) Lair:5
    Orc (2/2) D:9           IceCv (visited)         Gauntlet (1/1)
    Elf: Orc:2

Altars:
Dithmenos
Elyvilon
Fedhas
Gozag
Sif Muna
Trog
Yredelemnul
Jiyva
Lugonu

Shops:
D:8 :

Annotations:
D:2 Natasha Gauntlet 8 transporters, exclusion: obsidian statue


Innate Abilities, Weirdness & Mutations

Your flesh is cold resistant. (rC+)
You are strong-willed. (Will+)
Your system is resistant to poisons. (rPois)
[You have an uncontrollable temper.]
[You are very clumsy. (Dex -4)]
[Your body often deteriorates upon taking damage.]
[You are very dopey. (Int -4)]
[You are very frail. (-20% HP)]
[You frequently scream uncontrollably at your foes.]
[You are very weak. (Str -4)]
[Potions cannot restore your health.]
[You are very vulnerable to heat. (rF--)]


Message History

The wretched star is almost destroyed.
The wretched star's fire resistance burns away.
The wretched star glows turbulently.
The lance of force misses you.
Casting: Scorch (safe; 1% risk of failure)
Confirm with . or Enter, or press ? or * to list all spells.
You feel a strong surge of power!
Flames lash the wretched star.
You destroy the wretched star!
Sif Muna accepts your kill.
You feel less invigorated.
i - 2 potions of mutation (gained 1)
You flicker for a moment.
K - the ring of Akla {rN+ Int+4} You're wearing all the rings you can.
Remove which one? (? for menu, Esc to cancel) < or
j - a +4 ring of protection; > or
l - a ring of fire You remove your +4 ring of protection.
You feel clever.
K - the ring of Akla (left hand) {rN+ Int+4} Unknown command.
Unknown command.
Unknown command.
Unknown command.
There is a transporter here.
You enter the transporter and appear at another place.
You flicker back into view.
HP restored.
Your magical contamination has completely faded away.
You open the door.
A minotaur comes into view.
It is wielding a +2 mace of holy wrath, wearing the ring "Acsibbor" {rF+ rC+ rN+ Int+2} and quivering silver javelins.
The minotaur throws a silver javelin.
The silver javelin pierces through you!!
Ouch! That really hurt!
Your body deteriorates!
You feel weakened.
You have lost your strength.
The silver sears you!
* * * LOW HITPOINT WARNING * * *
Found a runed whip.
Found a gate leading back out of this place.
The minotaur hits you with a +2 mace of holy wrath!!
You die...

#######. .##≈...#. ##
..##.##.♣.###...#. ..
#.##......##..♣.#.
#.##....##.♣.#...P.#©
...##.##...#.♣...##
#.##....©.#.P...##
#....##...#.....#.
######.##.##.©.#.....##
#∩...H@##......#..∩....
######....##.©.#.....##
....##.##...#.....#.
.##.##....©.#.P...#[
#....##...#.♣...#.
..##.##.♣.#.....#©
#.##......##..♣.#!
#....##.♣.###...#}
#...##≈...#.


You could see a minotaur.

Vanquished Creatures
  Rupert (Lair:4)
  The ghost of Conn the Eclecticist, a journeyman DEFE of Sif Muna (Lair:3)
  3 hydras
  A catoblepas (Lair:1)
  2 boulder beetles
  A two-headed ogre (D:11)
  A wretched star (Gauntlet)
  A wizard (Gauntlet)
  A necromancer (IceCv)
  A lindwurm (Lair:5)
  An orc knight (Orc:1)
  A deep elf pyromancer (D:10)
  A rust devil (Gauntlet)
  6 black mambas
  A moth of wrath (Lair:3)
  10 elephants
  2 ice statues (IceCv)
  A torpor snail (Lair:4)
  11 cane toads
  A gargoyle (D:11)
  A freezing wraith (IceCv)
  4 kobold demonologists
  2 rime drakes
  2 anaconda simulacra (IceCv)
  7 komodo dragons
  7 ice devils (IceCv)
  3 tyrant leeches (Lair:3)
  5 trolls
  3 polar bears (Lair:5)
  23 blink frogs
  Grinder (D:3)
  5 hornets
  13 dream sheep
  3 dire elephant simulacra (IceCv)
  A vampire (D:9)
  19 spriggans
  7 wyverns
  A shadow (D:10)
  65 yaks
  A ynoxinul (Gauntlet)
  A steam dragon (D:7)
  2 vampire mosquitoes (D:11)
  A neqoxec (Gauntlet)
  A warg (Orc:1)
  3 harpy simulacra (IceCv)
  An acid dragon (D:10)
  A swamp worm (Lair:3)
  13 water moccasins
  2 hydra simulacra (IceCv)
  8 orc warriors
  4 black bears
  4 ogres
  2 ice beasts (D:7)
  3 centaurs
  4 boggarts (Lair:5)
  27 wolves
  2 phantoms
  6 kobold brigands
  2 necrophages
  11 bullfrogs
  2 gnoll sergeants (D:9)
  3 scorpions
  A two-headed ogre simulacrum (IceCv)
  9 wights
  A cane toad simulacrum (IceCv)
  6 killer bees (D:7)
  4 howler monkeys
  3 electric eels (Lair:4)
  2 lava snakes (Lair:4)
  A hound (D:4)
  A jelly (D:5)
  3 orc priests
  3 iron imps (Gauntlet)
  4 iguanas
  Natasha (twice) (D:2)
  Ijyb (D:4)
  9 orc wizards
  5 troll simulacra
  Robin (D:3)
  15 gnolls
  3 adders
  3 shadow imps
  2 white imps
  An ufetubus (IceCv)
  2 worms
  4 dart slugs
  26 orcs
  3 ball pythons
  3 bats
  4 endoplasms
  A giant cockroach (D:2)
  19 goblins
  11 hobgoblins
  5 jackals
  3 quokkas
  3 frilled lizards
  6 kobolds
  6 rats
500 creatures vanquished.

Vanquished Creatures (collateral kills)
  6 foxfires
6 creatures vanquished.

Vanquished Creatures (others)
  A bog body (IceCv)
  10 demonic plants
  1118 foxfires
  50 fungi
  68 plants
1247 creatures vanquished.

Grand Total: 1753 creatures vanquished

Notes
Turn   | Place    | Note
-------+----------+-------------------------------------------
     0 | D:1      | Conn the Deep Elf Fire Elementalist began the quest for the
                  | Orb.
     0 | D:1      | Reached XP level 1. HP: 10/10 MP: 6/6
   113 | D:1      | Found a faded altar of an unknown god.
   251 | D:1      | Reached XP level 2. HP: 5/15 MP: 6/8
   807 | D:1      | Learned a level 2 spell: Scorch
   892 | D:2      | Reached XP level 3. HP: 19/19 MP: 4/9
  1029 | D:2      | Noticed Natasha
  1032 | D:2      | Killed Natasha
  1037 | D:2      | Reached XP level 4. HP: 24/24 MP: 0/11
  1143 | D:2      | Noticed Natasha
  1157 | D:2      | Killed Natasha
  1372 | D:2      | Noticed Natasha
  1486 | D:2      | Reached skill level 4 in Spellcasting
  1935 | D:3      | Reached skill level 1 in Short Blades
  1987 | D:3      | Found a shadowy altar of Dithmenos.
  1999 | D:3      | Found an opulent altar of Gozag.
  2136 | D:3      | Noticed Robin
  2139 | D:3      | Reached XP level 5. HP: 28/28 MP: 13/13
  2142 | D:3      | Gained mutation: Your system is resistant to poisons.
                  | (rPois) [potion of mutation]
  2142 | D:3      | Gained mutation: Your flesh is cold resistant. (rC+)
                  | [potion of mutation]
  2142 | D:3      | Gained mutation: You are strong-willed. (Will+) [potion of
                  | mutation]
  2143 | D:3      | Identified 2 scrolls of acquirement
  2143 | D:3      | Acquired a staff of fire
  2584 | D:3      | Found a white marble altar of Elyvilon.
  2584 | D:3      | Found a shimmering blue altar of Sif Muna.
  2586 | D:3      | Found a blossoming altar of Fedhas.
  2586 | D:3      | Found a bloodstained altar of Trog.
  2587 | D:3      | Found a basalt altar of Yredelemnul.
  2596 | D:3      | Became a worshipper of Sif Muna the Loreminder
  2619 | D:3      | Noticed Grinder
  2639 | D:3      | HP: 1/28 [Grinder (2)]
  2640 | D:3      | Killed Grinder
  2641 | D:3      | Reached skill level 5 in Spellcasting
  2641 | D:3      | Reached skill level 5 in Fire Magic
  2641 | D:3      | Reached XP level 6. HP: 2/33 MP: 0/16
  2902 | D:3      | Reached skill level 6 in Spellcasting
  2913 | D:3      | Killed Robin
  3207 | D:4      | Acquired 747 gold pieces
  3470 | D:4      | Reached XP level 7. HP: 37/37 MP: 7/18
  3710 | D:4      | Reached * piety under Sif Muna
  3804 | D:4      | Noticed Ijyb
  3810 | D:4      | Killed Ijyb
  4073 | D:4      | Reached skill level 7 in Spellcasting
  4191 | D:5      | Entered Level 5 of the Dungeon
  4196 | D:5      | Found a staircase to the Ecumenical Temple.
  4290 | D:5      | Reached skill level 1 in Invocations
  4564 | D:5      | Reached XP level 8. HP: 42/42 MP: 14/21
  4691 | D:5      | Learned a level 3 spell: Inner Flame
  4696 | D:5      | Learned a level 4 spell: Flame Wave
  4700 | D:5      | Learned a level 3 spell: Stone Arrow
  4704 | D:5      | Learned a level 3 spell: Summon Guardian Golem
  5031 | D:6      | Learned a level 3 spell: Ozocubu's Armour
  5114 | D:6      | Reached skill level 8 in Spellcasting
  5616 | D:7      | Reached ** piety under Sif Muna
  5669 | D:7      | Reached skill level 9 in Spellcasting
  5685 | D:7      | Learned a level 4 spell: Summon Ice Beast
  5864 | D:7      | Reached skill level 1 in Summonings
  5873 | D:7      | Reached XP level 9. HP: 46/46 MP: 6/24
  6100 | D:7      | Reached skill level 5 in Conjurations
  6277 | D:7      | Identified the +3 robe "Hocycw" {rC+}
  6285 | D:7      | Reached skill level 1 in Ice Magic
  6854 | D:8      | Found a staircase to the Lair.
  7141 | D:8      | Reached skill level 5 in Invocations
  7145 | D:8      | Reached skill level 10 in Spellcasting
  7150 | D:8      | Reached skill level 1 in Fighting
  7287 | D:8      | Found Plog's Book Shop.
  7314 | D:8      | Reached XP level 10. HP: 52/52 MP: 18/26
  7322 | D:8      | Bought a book of Spatial Translocations for 270 gold pieces
  7325 | D:8      | Learned a level 2 spell: Blink
  7565 | D:9      | Reached *** piety under Sif Muna
  7624 | D:9      | Identified the +2 robe of the Ego {Drain rPois rF++ Int+3}
  7960 | D:9      | Reached skill level 11 in Spellcasting
  8327 | D:9      | Found a staircase to the Orcish Mines.
  8335 | D:9      | Reached skill level 1 in Shields
  8443 | D:9      | Reached **** piety under Sif Muna
  8899 | D:10     | Entered Level 10 of the Dungeon
  8903 | D:10     | Reached skill level 5 in Summonings
  8922 | D:10     | Noticed a deep elf pyromancer
  8930 | D:10     | Killed a deep elf pyromancer
  9086 | D:10     | Noticed a seven-headed hydra
  9095 | D:10     | Killed a seven-headed hydra
  9096 | D:10     | Reached XP level 11. HP: 56/56 MP: 10/28
  9392 | D:10     | Reached skill level 1 in Translocations
  9406 | D:10     | Reached skill level 12 in Spellcasting
 10144 | D:10     | Learned a level 5 spell: Lightning Bolt
 10224 | D:11     | Reached skill level 1 in Air Magic
 10321 | D:11     | Found a frozen archway.
 10345 | IceCv    | Entered an ice cave
 11375 | IceCv    | Reached skill level 10 in Fire Magic
 11460 | IceCv    | Noticed a bog body
 11467 | IceCv    | Killed a bog body
 11652 | IceCv    | Noticed a necromancer
 11661 | IceCv    | Killed a necromancer
 11662 | IceCv    | Reached XP level 12. HP: 61/61 MP: 16/30
 11737 | IceCv    | Reached skill level 5 in Translocations
 12139 | D:11     | Noticed a boulder beetle
 12140 | D:11     | Identified the +6 rapier "Mocisiyss" {heavy, Str+3}
 12155 | D:11     | Killed a boulder beetle
 12156 | D:11     | Reached skill level 1 in Hexes
 12341 | D:11     | Found a corrupted altar of Lugonu.
 12363 | D:11     | Noticed a two-headed ogre
 12368 | D:11     | Killed a two-headed ogre
 12923 | Lair:1   | Entered Level 1 of the Lair of Beasts
 12983 | Lair:1   | Reached skill level 13 in Spellcasting
 13419 | Lair:1   | Noticed a catoblepas
 13431 | Lair:1   | Killed a catoblepas
 13843 | Lair:1   | Reached ***** piety under Sif Muna
 13853 | Lair:1   | Received a gift from Sif Muna
 13856 | Lair:1   | Got Sif Muna's Yet Another Spellbook About Incantation {god
                  | gift}
 13863 | Lair:1   | Learned a level 5 spell: Fireball
 14498 | Lair:2   | Noticed a boulder beetle
 14793 | Lair:1   | Killed a boulder beetle
 14806 | Lair:1   | Reached XP level 13. HP: 21/65 MP: 0/32
 15031 | Lair:2   | Identified the +9 spear of the Hierophant {drain, *Noise
                  | rElec Str+3}
 15323 | Lair:2   | Reached skill level 10 in Conjurations
 15570 | Lair:2   | You fall into a shaft and drop 2 floors!
 15663 | Lair:3   | Reached skill level 14 in Spellcasting
 15837 | Lair:3   | Found a staircase to the Snake Pit.
 15921 | Lair:3   | Found a staircase to the Swamp.
 16209 | Lair:3   | Found a bloodstained altar of Trog.
 16209 | Lair:3   | Noticed Conn's ghost (journeyman DEFE)
 16481 | Lair:3   | Found a transporter.
 16485 | Lair:3   | Found a transporter.
 16497 | Lair:3   | Reached skill level 5 in Air Magic
 16529 | Lair:3   | Killed Conn's ghost
 17441 | Lair:4   | Noticed Rupert
 17457 | Lair:4   | Killed Rupert
 18748 | Lair:5   | Entered Level 5 of the Lair of Beasts
 19234 | Lair:5   | Reached XP level 14. HP: 70/70 MP: 15/34
 19295 | Lair:5   | Reached skill level 15 in Spellcasting
 20600 | Lair:5   | Received a gift from Sif Muna
 20609 | Lair:5   | Got Sif Muna's Encyclopedia of the Charred Sixfirhy {god
                  | gift}
 20620 | Lair:5   | Learned a level 7 spell: Orb of Destruction
 21148 | Lair:5   | Found a viscous altar of Jiyva.
 21148 | Lair:5   | Found a staircase to the Slime Pits.
 21448 | Orc:1    | Entered Level 1 of the Orcish Mines
 21589 | Orc:2    | Entered Level 2 of the Orcish Mines
 21625 | Orc:2    | Found a gate leading to a gauntlet.
 21640 | Gauntlet | Entered a Gauntlet
 21640 | Gauntlet | Found a transporter.
 21712 | Gauntlet | Found a transporter.
 21723 | Gauntlet | Found a transporter.
 21726 | Gauntlet | Found a transporter.
 21736 | Gauntlet | Found a transporter.
 21752 | Gauntlet | Found a transporter.
 21763 | Gauntlet | Found a transporter.
 21773 | Gauntlet | Found a transporter.
 21785 | Gauntlet | Found a transporter.
 21785 | Gauntlet | Found a transporter.
 21799 | Gauntlet | Found a transporter.
 21810 | Gauntlet | Found a transporter.
 21810 | Gauntlet | Found a transporter.
 21812 | Gauntlet | Found a transporter.
 22148 | Gauntlet | Identified the ring of Akla {rN+ Int+4}
 22187 | Gauntlet | Identified the ring "Acsibbor" {rF+ rC+ rN+ Int+2}
 22187 | Gauntlet | Lost strength.
 22189 | Gauntlet | Annihilated by a minotaur

Illustrated notes

Levels and vault maps discovered:
D:1:      eino_arrival_water_cross, layout_loops_ring,
          ebering_ecumenical_altar_rust
D:2:      layout_loops_ring, uniq_natasha
D:3:      layout_basic, grunt_temple_overflow_open,
          mainiacjoe_overflow_large_starburst, serial_glass, glass_columns_a,
          glass_columns_c, item_on_display_a, minmay_strange_pillars,
          item_on_display_a, uniq_grinder, uniq_robin
D:4:      kennysheep_goblin_castle, layout_loops_ring
D:5:      nicolae_cairo_tiling_large_dashed, layout_basic, serial_rivers,
          chequers_serial_rivers_micro_d, chequers_serial_rivers_micro_d,
          chequers_serial_rivers_micro_e, chequers_serial_rivers_micro_e
D:6:      layout_rooms, minmay_misc_feat_rows, dk_noncrumbling_4
D:7:      layout_basic
D:8:      layout_rooms, dpeg_oklobed_lair, kennysheep_windowed_goal
D:9:      layout_loops_ring, kennysheep_orc_monster_closet_entryway
D:10:     layout_basic, grunt_ministairs_15, hangedman_abyss_or_decor_stabs,
          mrwooster_statue_mirror, kennysheep_generic_room_5
D:11:     kennysheep_kobold_lugonu_temple, layout_irregular_city,
          portal_ice_cave_entry_ice_simulacra
Lair:1:   layout_small_grid
Lair:2:   layout_long_grid, chequers_serial_rivers_large_b,
          serial_bayou_shore_b, lemuel_fruit_tree
Lair:3:   layout_loops_ring, minmay_swamp_entry_worms,
          minmay_snake_entry_six_corridors, gammafunk_ghost_wrathful_warriors
Lair:4:   layout_loops_ring, chequers_serial_rivers_micro_d,
          nicolae_lair_liquid_snakes, uniq_rupert
Lair:5:   minmay_lair_end_enchanted_forest, layout_regular_city,
          dpeg_slime_entry_enclosed, serial_bayou_shore_a, grunt_megastairs_3
Orc:1:    layout_diamond_mine, basic_altar
Orc:2:    pf_orc_diabolical, layout_caves, gauntlet_entry_generic
Gauntlet: minmay_gauntlet_77_tree [minmay_gauntlet_arena_77_double_cross,
          minmay_gauntlet_arena_77_mess,
          minmay_gauntlet_arena_77_chump_sandwich,
          minmay_gauntlet_arena_77_museum, minmay_gauntlet_arena_77_two_paths,
          minmay_gauntlet_arena_77_two_lines, minmay_gauntlet_arena_77_box,
          gauntlet_exit_green]

Skill      XL: |  1  2  3  4  5  6  7  8  9 10 11 12 13 14 |
---------------+-------------------------------------------+-----
Fire Magic     | 4 5 6 7 8 9 10 11 12 | 12.8
Stealth        | 3 4 |  4.3
Spellcasting   | 4 5 6 7 9 10 11 12 13 14 15 | 15.9
Short Blades   | 1 |  1.1
Dodging        | 3 4 |  4.9
Conjurations   | 2 3 4 6 7 8 9 11 13 | 13.1
Invocations    | 1 4 5 6 7 8 9 |  9.3
Summonings     | 1 4 5 6 7 8 |  8.4
Ice Magic      | 3 4 |  4.9
Fighting       | 1 |  1.6
Shields        | 1 2 3 |  3.7
Translocations | 4 6 7 |  7.2
Air Magic      | 2 4 5 6 |  6.8
Hexes          | 1 |  1.2
Staves         | |  0.3
Earth Magic    | |  0.1

Action                     |  1- 3 |  4- 6 |  7- 9 | 10-12 | 13-15 || total
---------------------------+-------+-------+-------+-------+-------++-------
  Melee: Staff             |     5 |     1 |     8 |    22 |    26 ||    62
         Rapier            |     5 |    26 |       |       |       ||    31
   Cast: Foxfire           |    31 |    74 |   142 |   217 |   187 ||   651
         Scorch            |     7 |    30 |    32 |   153 |   109 ||   331
         Flame Wave        |       |       |    13 |    55 |    47 ||   115
         Inner Flame       |       |       |     2 |     8 |     3 ||    13
         Blink             |       |       |       |     5 |     4 ||     9
         Summon Guardian G |       |       |       |     7 |     5 ||    12
         Lightning Bolt    |       |       |       |     4 |    16 ||    20
         Summon Ice Beast  |       |       |       |     2 |     4 ||     6
         Fireball          |       |       |       |       |    35 ||    35
         Ozocubu's Armour  |       |       |       |       |     2 ||     2
         Stone Arrow       |       |       |       |       |    10 ||    10
 Invoke: Channel Magic     |       |       |     1 |     3 |     6 ||    10
  Evoke: Wand              |       |       |     1 |       |       ||     1
    Use: Potion            |       |     4 |       |     5 |     6 ||    15
         Scroll            |       |     4 |    14 |     8 |       ||    26
   Stab: Sleeping          |     1 |       |       |       |       ||     1
 Armour: Robe              |     3 |     5 |     5 |    33 |    22 ||    68
         Skin              |       |       |       |     5 |    16 ||    21
  Dodge: Dodged            |    11 |    15 |    17 |    64 |    48 ||   155
  Block: Other             |       |     4 |     8 |       |       ||    12
         Reflection        |       |       |     2 |     8 |     3 ||    13
         Buckler           |       |       |     4 |    72 |    72 ||   148

Table legend: (Time is in decaauts)
 A = Elapsed time spent in this place.
 B = Non-inter-level travel time spent in this place.
 C = Inter-level travel time spent in this place.
 D = Time resting spent in this place.
 E = Time spent auto-exploring this place.
 F = Levels seen in this place.
 G = Mean time per level.
                   A        B        C        D        E       F      G
               +--------+--------+--------+--------+--------+-----+--------+
         Total |  22229 |  21631 |    598 |   1472 |  15015 |  20 | 1111.4 |
       Dungeon |  11303 |  11021 |    282 |    221 |   8077 |  11 | 1027.5 |
          Lair |   8554 |   8239 |    315 |    432 |   6139 |   5 | 1710.8 |
  Orcish Mines |    171 |    171 |      0 |      0 |    103 |   2 |   85.5 |
      Ice Cave |   1651 |   1651 |      0 |    777 |    337 |   1 | 1651.0 |
      Gauntlet |    548 |    548 |      0 |     42 |    358 |   1 |  548.0 |
               +--------+--------+--------+--------+--------+-----+--------+

Top non-repeatable levels by time:
  Lair:5: 2468 daAuts
  Lair:1: 2059 daAuts
   IceCv: 1651 daAuts
     D:9: 1554 daAuts
  Lair:3: 1527 daAuts
  Lair:4: 1474 daAuts
     D:3: 1224 daAuts
     D:7: 1185 daAuts
    D:10: 1162 daAuts
     D:4: 1102 daAuts
    D:11: 1028 daAuts
  Lair:2: 1025 daAuts
     D:2: 973 daAuts
     D:1: 881 daAuts
     D:8: 779 daAuts
